 Dungeon Crawl Stone Soup version 0.28-a0-249-g9004c80361 (webtiles) character file.

Game seed: 12975159185241879513

327 PentaManta the Ruffian (level 6, -1/51 HPs)
             Began as a Ghoul Abyssal Knight on Aug 26, 2021.
             Was a Believer of Lugonu.
             Slain by a gnoll (2 damage)
             ... on level 5 of the Dungeon.
             The game lasted 00:05:00 (2972 turns).

PentaManta the Ruffian (Ghoul Abyssal Knight)       Turns: 2972, Time: 00:05:01

Health: -1/51      AC:  9    Str: 18    XL:     6   Next: 50%
Magic:  6/6        EV: 10    Int:  7    God:    Lugonu [**....]
Gold:   184        SH:  0    Dex:  8    Spells: 5/5 levels left

rFire   + . .      SeeInvis +     - Unarmed
rCold   + + .      Faith    .   (no shield)
rNeg    + + +      Spirit   .   f - +3 ring mail
rPois   ∞          Reflect  .   (no helmet)
rElec   +          Harm     .   s - +0 cloak
rCorr   +          Rampage  .   (no gloves)
Will    +....                   (no boots)
Stlth   ..........              (no amulet)
HPRegen 0.00/turn               i - ring of see invisible
MPRegen 0.10/turn               p - ring of willpower

@: mighty, resistant, attractive, inhibited regen
A: claws 1, cold resistance 1, negative energy resistance 3, inhibited
regeneration, torment resistance 2
a: Renounce Religion, Depart the Abyss, Bend Space


You were on level 5 of the Dungeon.
You worshipped Lugonu.
Lugonu was pleased with you.
You visited 1 branch of the dungeon, and saw 5 of its levels.
You visited the Abyss 1 time.

You collected 184 gold pieces.

Inventory:

Missiles
 o - 15 poisoned darts (quivered)
Armour
 d - the +1 plate armour of the Journeyman {rC+}
   (You found it on level 2 of the Abyss)

   rC:        It protects you from cold.
 f - a +3 ring mail (worn)
 s - a +0 cloak (worn)
Jewellery
 i - a ring of see invisible (left claw)
 p - a ring of willpower (right claw)
 q - an amulet of faith
Scrolls
 a - 2 scrolls of noise {unknown}
 b - 2 scrolls of fear {unknown}
 c - 3 scrolls of identify {unknown}
 h - 2 scrolls of enchant weapon {unknown}
 k - a scroll of holy word {unknown}
 l - a scroll of torment {unknown}
 r - a scroll of fog {unknown}
Potions
 e - a potion of curing {unknown}
 g - a potion of cancellation {unknown}
 m - a potion of berserk rage {unknown}
 n - a potion of attraction
 t - a potion of heal wounds {unknown}
 u - a potion of resistance


   Skills:
 - Level 3.2 Fighting
 - Level 1.7 Armour
 - Level 0.8 Dodging
 + Level 7.3 Unarmed Combat
 - Level 2.0 Invocations


You had 5 spell levels left.
You didn't know any spells.
Your spell library was empty.

Dungeon Overview and Level Annotations

Branches:
Dungeon (5/15)
 Temple: D:4-7

Altars:
Fedhas
Kikubaaqudgha
Qazlal
Xom


Innate Abilities, Weirdness & Mutations

You thrive by killing the living.
You are immune to poison.
You have sharp fingernails.
Your flesh is cold resistant. (rC+)
You are immune to negative energy. (rN+++)
You do not regenerate when monsters are visible.
You are immune to unholy pain and torment.


Message History

The gnoll hits you from afar with a +0 halberd!
You closely miss the gnoll shaman.
The gnoll shaman is moderately wounded.
The gnoll shaman barely misses you.
The gnoll hits you from afar with a +0 halberd!
There is an open door here.
The gnoll shaman mumbles some strange prayers to its god against you.
You resist with almost no effort.
The gnoll shaman calls upon its god to speed up the gnoll.
The gnoll seems to speed up.
The gnoll barely misses you.
There is an open door here.
The gnoll barely misses you.
The gnoll hits you from afar with a +0 halberd.
* * * LOW HITPOINT WARNING * * *
The gnoll misses you. The gnoll closely misses you. The gnoll misses you.
There is a stone staircase leading down here.
The gnoll barely misses you.
The gnoll hits you from afar with a +0 halberd!
* * * LOW HITPOINT WARNING * * *
You climb downwards.
There is a stone staircase leading up here.
It was a potion of attraction.
You feel attractive to monsters.
The gnoll hits you but does no damage. x2
It was a potion of resistance.
You feel protected. The gnoll hits you with a +0 club.
* * * LOW HITPOINT WARNING * * *
You claw the gnoll!
The gnoll is severely wounded.
The gnoll barely misses you. The gnoll hits you with a +0 club.
* * * LOW HITPOINT WARNING * * *
Okay, then.
It was a potion of might.
You feel very mighty all of a sudden. The gnoll hits you with a +0 club.
You die...

#........
#........
#.......
#......
#....#
#....##
#g....#
#@....#
+.....#
###..##
..# ...
...# ..#
..#


You could see a gnoll (fast).

Vanquished Creatures
  A black bear (D:4)
  A jelly (D:3)
  Crazy Yiuf (D:3)
  An orc priest (D:3)
  4 adders
  5 gnolls
  3 dart slugs
  4 orcs
  4 ball pythons
  4 endoplasms
  2 giant cockroaches
  6 goblins
  5 hobgoblins
  2 jackals (D:2)
  A quokka (D:1)
  7 bats
  3 kobolds
  5 rats
59 creatures vanquished.

Notes
Turn   | Place    | Note
-------+----------+-------------------------------------------
     0 | Abyss:1  | PentaManta the Ghoul Abyssal Knight began the quest for the
                  | Orb.
     0 | Abyss:1  | Reached XP level 1. HP: 19/19 MP: 1/1
    50 | Abyss:2  | Identified the +1 plate armour of the Journeyman {rC+}
    53 | Abyss:2  | Noticed a large abomination
   107 | Abyss:2  | Noticed a starcursed mass
   115 | D:1      | Escaped the Abyss
   534 | D:1      | Reached XP level 2. HP: 26/26 MP: 2/2
   557 | D:1      | Reached * piety under Lugonu
   558 | D:1      | Reached skill level 3 in Unarmed Combat
   612 | D:1      | Found a faded altar of an unknown god.
   960 | D:2      | Found a shimmering altar of Xom.
  1004 | D:2      | Reached XP level 3. HP: 31/31 MP: 3/3
  1319 | D:2      | Reached skill level 4 in Unarmed Combat
  1669 | D:3      | Reached ** piety under Lugonu
  1670 | D:3      | Reached XP level 4. HP: 38/38 MP: 4/4
  1697 | D:3      | Reached skill level 5 in Unarmed Combat
  1944 | D:3      | Reached XP level 5. HP: 28/45 MP: 5/5
  2200 | D:3      | Found a blossoming altar of Fedhas.
  2201 | D:3      | Found an ancient bone altar of Kikubaaqudgha.
  2201 | D:3      | Found a stormy altar of Qazlal.
  2232 | D:3      | Reached skill level 6 in Unarmed Combat
  2622 | D:3      | Found a runed translucent door.
  2623 | D:3      | Noticed Crazy Yiuf
  2714 | D:3      | Killed Crazy Yiuf
  2793 | D:4      | Noticed a black bear
  2803 | D:4      | Killed a black bear
  2804 | D:4      | Reached skill level 7 in Unarmed Combat
  2804 | D:4      | Reached XP level 6. HP: 31/51 MP: 6/6
  2968 | D:5      | Entered Level 5 of the Dungeon
  2971 | D:5      | HP: 1/51 [gnoll (2)]
  2972 | D:5      | Slain by a gnoll

Illustrated notes

Levels and vault maps discovered:
D:1:      eino_arrival_tree_alley, layout_rooms, ebering_ecumenical_altar_mist
D:2:      layout_loops_ring, basic_altar
D:3:      layout_loops_ring, chequers_temple_overflow_statue_of_worship,
          uniq_crazy_yiuf_cottage
D:4:      layout_basic
D:5:      layout_gridville, nicolae_ru_awakened_eye, minivault_1, uniq_pikel,
          uniq_prince_ribbit1

Skill      XL: |  1  2  3  4  5 |
---------------+----------------+-----
Unarmed Combat | 3 4 5 7 |  7.3
Fighting       | |  3.2
Armour         | |  1.7
Dodging        | |  0.8
Invocations    | |  2.0

Action                   |  1- 3 |  4- 6 || total
-------------------------+-------+-------++-------
Melee: Unarmed           |    95 |    84 ||   179
       Punch             |     1 |     5 ||     6
Throw: Dart              |       |     1 ||     1
Invok: Depart the Abyss  |     1 |       ||     1
  Use: Potion            |       |     3 ||     3
Armor: Ring mail         |    52 |    36 ||    88
Dodge: Dodged            |    64 |    50 ||   114

Table legend: (Time is in decaauts)
 A = Elapsed time spent in this place.
 B = Non-inter-level travel time spent in this place.
 C = Inter-level travel time spent in this place.
 D = Time resting spent in this place.
 E = Time spent auto-exploring this place.
 F = Levels seen in this place.
 G = Mean time per level.
                   A        B        C        D        E       F      G
               +--------+--------+--------+--------+--------+-----+--------+
         Total |   2956 |   2857 |     99 |    415 |   1804 |   7 |  422.3 |
       Dungeon |   2842 |   2743 |     99 |    415 |   1804 |   5 |  568.4 |
         Abyss |    114 |    114 |      0 |      0 |      0 |   2 |   57.0 |
               +--------+--------+--------+--------+--------+-----+--------+

Top non-repeatable levels by time:
     D:2: 954 daAuts
     D:3: 910 daAuts
     D:1: 765 daAuts
     D:4: 208 daAuts
 Abyss:2: 93 daAuts
 Abyss:1: 21 daAuts
     D:5: 3 daAuts
